 Dungeon Crawl Stone Soup version 0.25-a0-875-geaba134f46 (webtiles) character file.

Game seed: 17721233436365731064, levelgen mode: classic

8022 EnegeticOcto the Fighter (level 11, -2/81 HPs)
             Began as an Octopode Fighter on May 1, 2020.
             Was a High Priest of Okawaru.
             Killed from afar by a deep elf mage (36 damage)
             ... with a bolt of lightning
             ... on level 10 of the Dungeon.
             The game lasted 00:06:01 (8396 turns).

EnegeticOcto the Fighter (Octopode Fighter)         Turns: 8396, Time: 00:06:02

Health: -2/81      AC:  1    Str: 17    XL:     11   Next: 24%
Magic:  16/16      EV: 16    Int: 14    God:    Okawaru [*****.]
Gold:   422        SH: 11    Dex: 15    Spells: 10/10 levels left

rFire    . . .     SeeInvis .   a - +11 broad axe "Utak" {speed, Int+3 Dex+2}
rCold    . . .     Gourm    .   b - +1 kite shield
rNeg     . . .     Faith    .   (helmet restricted)
rPois    .         Spirit   .   w - amulet of regeneration
rElec    .         Reflect  .   (no ring)
rCorr    .         Harm     .   (no ring)
MR       .....                  (no ring)
Stlth    ++........             (no ring)
HPRegen  0.63/turn              (no ring)
MPRegen  0.15/turn              (no ring)
                                (no ring)
                                (no ring)

@: no status effects
A: almost no armour, stealthy swim, amphibious, 8 rings, constrict 8, camouflage
1, gelatinous body 1
a: Heroism, Finesse, Renounce Religion


You were on level 10 of the Dungeon.
You worshipped Okawaru.
Okawaru was extremely pleased with you.
You were not hungry.

You visited 1 branch of the dungeon, and saw 10 of its levels.
You also visited: Bailey.

You collected 683 gold pieces.
You spent 261 gold pieces at shops.

Inventory:

Hand Weapons
 a - the +11 broad axe "Utak" (weapon) {speed, Int+3 Dex+2}
   (You bought it in a shop on level 4 of the Dungeon)

   Attacks with this weapon are significantly faster.
   It affects your intelligence (+3).
   It affects your dexterity (+2).
 u - the +8 broad axe of Caheogou {venom, rF+ Str+3}
   (Okawaru gifted it to you on level 9 of the Dungeon)

   It poisons the flesh of those it strikes.
   It affects your strength (+3).
   It protects you from fire.
Missiles
 r - 8 boomerangs (quivered)
 s - 2 curare-tipped darts
 x - 2 throwing nets
Armour
 b - a +1 kite shield (worn)
Jewellery
 w - an amulet of regeneration (around mantle)
Wands
 z - a wand of digging (3) {@v2}
Scrolls
 g - 4 scrolls of remove curse {@r6}
 h - 2 scrolls of fog
 i - 5 scrolls of teleportation {@r2}
 j - 3 scrolls of identify {@r1}
 l - 2 scrolls of magic mapping {@r5}
 t - a scroll of summoning
 y - 4 scrolls of enchant armour
Potions
 c - 6 potions of brilliance
 d - 2 potions of heal wounds {@q2}
 f - 2 potions of flight
 k - 2 potions of might {@q3}
 m - 3 potions of curing {@q1}
 n - 2 potions of haste {@q4}
 o - a potion of lignification {@q7}
 p - a potion of magic
Comestibles
 e - 24 rations
 q - 11 chunks of flesh


   Skills:
 * Level 9.7 Fighting
   Level 3.0 Long Blades
 * Level 8.7 Axes
 - Level 1.3 Throwing
 + Level 7.1 Dodging
 + Level 7.1 Shields
 + Level 6.8 Invocations


You had 10 spell levels left.
You didn't know any spells.
Your spell library was empty.

Dungeon Overview and Level Annotations

Branches:
Dungeon (10/15)            Temple (0/1) D:7             Orc (0/2) D:10
 Bailey (visited)
   Lair: D:8-11

Altars:
Elyvilon
Fedhas
Nemelex Xobeh
Okawaru
Ru
Yredelemnul
Beogh

Shops:
D:4 :[(   D:7 [

Annotations:
D:5 2 transporters, Venturno's ghost, novice DEWz
D:7 3 runed translucent doors, wvc's ghost, novice DsWn


Innate Abilities, Weirdness & Mutations

You cannot wear most types of armour.
You are very stealthy in the water. (Stealth+)
You are amphibious.
You can wear up to eight rings at the same time.
You can use your tentacles to constrict eight enemies at once.
Your skin changes colour to match your surroundings (Stealth+).
Your rubbery body absorbs attacks. (AC +1, EV +1)


Message History

q - 20 chunks of flesh (gained 4)
Things that are here:
a cursed -2 falchion; an orc skeleton Some of the chunks of flesh in your inventory have rotted away.
Things that are here:
a cursed -2 falchion; an orc skeleton
c - 6 potions of brilliance (gained 1)
You see here a scorpion corpse.
Things that are here:
a +0 leather armour; a +0 flail; an orc skeleton
e - 24 rations (gained 1)
A necrophage comes into view.
A necrophage is nearby!
A necrophage is nearby!
A necrophage is nearby!
You barely miss the necrophage. You grab the necrophage.
You constrict the necrophage. You block the necrophage's attack.
You slash the necrophage!
The necrophage is heavily damaged.
You constrict the necrophage. You block the necrophage's attack.
You hit the necrophage.
You squeeze the necrophage, but do no damage.
The necrophage is severely damaged.
You constrict the necrophage. The necrophage barely misses you.
You slash the necrophage!
You destroy the necrophage!
Okawaru accepts your kill.
No target in view!
No target in view!
No target in view!
Found a stone staircase leading down.
Some of the chunks of flesh in your inventory have rotted away.
Eating one of 13 chunks of flesh.
You eat one of the 13 chunks of flesh.
This raw flesh tastes terrible.
Some of the chunks of flesh in your inventory have rotted away.
You now have 422 gold pieces (gained 25).
Found a stone staircase leading down.
An orc comes into view. It is wielding a -2 club.
The orc moves out of view.
No target in view!
No target in view!
No target in view!
No target in view!
No target in view!
No target in view!
No target in view!
No target in view!
No target in view!
No target in view!
No target in view!
A deep elf mage comes into view. It is wielding a +0 short sword.
There are monsters nearby!
There are monsters nearby!
There are monsters nearby!
There are monsters nearby!
There are monsters nearby!
An orc and 2 orc wizards come into view.
The orc shouts!
The orc wizard shouts! x2; The orc shouts!
The deep elf mage shouts!
The orc closely misses you.
You hit the orc but do no damage. Your grab misses the orc.
You squeeze the orc, but do no damage. You block the orc's attack.
You slash the orc!
You kill the orc!
Okawaru accepts your kill.
You barely miss the deep elf mage. Your grab misses the deep elf mage.
You squeeze the deep elf mage!
The deep elf mage is lightly wounded.
You hit the orc.
The deep elf mage casts a spell.
The deep elf mage blinks!
You closely miss the orc. Your grab misses the orc.
The orc is moderately wounded.
The deep elf mage gestures wildly while chanting.
The deep elf mage blinks!
You slash the orc!
You kill the orc!
Okawaru accepts your kill.
The orc wizard points at you and mumbles some strange words.
The puff of flame hits you. The deep elf mage casts a spell at you.
The bolt of lightning hits you!
You barely miss the orc wizard. Your grab misses the orc wizard.
You squeeze the orc wizard.
The orc wizard is moderately wounded.
The orc wizard casts a cantrip, but nothing happens.
You slash the orc wizard!
You kill the orc wizard!
Okawaru accepts your kill.
You slash the orc wizard!
The orc wizard mumbles some strange words.
The orc wizard flickers and vanishes!
Deactivating autopickup; reactivate with Ctrl-A.
The deep elf mage casts a spell at you. The bolt of lightning hits you!!
Things that are here:
a +0 short sword; a +0 ring mail; an orc corpse The deep elf mage gestures at you while chanting.
The bolt of lightning hits you! The bolt of lightning hits you!!!
You die...

. # .... ## .##. ..... .##
... ..... ... ..##.. #...#
..# ...... #.#.##.e####
...... #.#.#....... ####.
# #.#.#...# #...##.{)@...#
#.....).....##
#...####.#>## #..# #....#
#.# #..# #..### #.# #..#
#..####### #.# ###
#.####..####......... #.#
#.. #.............####.##
#.# #.#
#####..#########...#####.#
#.#


You could see a deep elf mage.

Vanquished Creatures
  A catoblepas (D:9)
  A two-headed ogre (D:7)
  Pikel (D:8)
  Maggie (D:8)
  An efreet (D:9)
  A troll (D:9)
  A queen bee (D:9)
  2 hippogriffs
  4 yaks (D:10)
  A hungry ghost (D:10)
  Menkaure (D:6)
  2 two-headed ogre zombies (D:10)
  5 sky beasts
  An ice beast (D:5)
  4 orc warriors
  A necrophage (D:10)
  A phantom (D:10)
  2 ogres
  3 centaurs
  A crocodile (D:9)
  A big kobold (D:8)
  A bullfrog (D:8)
  2 troll zombies (D:10)
  A scorpion (D:10)
  15 killer bees (D:9)
  3 wights (D:7)
  2 centaur zombies
  3 crimson imps
  6 hounds
  A jelly (D:9)
  4 orc priests
  A bullfrog skeleton (D:4)
  3 iguanas
  8 orc wizards
  4 worker ants
  A killer bee zombie (D:10)
  4 ogre zombies (D:10)
  2 hound zombies
  2 hound skeletons (D:10)
  Robin (D:2)
  7 gnolls
  5 adders
  A shadow imp (D:8)
  An ooze (D:1)
  An adder zombie (D:9)
  An adder skeleton (D:9)
  2 dart slugs
  4 leopard geckos
  31 orcs
  4 giant cockroaches
  14 goblins
  9 hobgoblins
  5 jackals
  4 quokkas
  3 ball pythons
  A ball python skeleton (D:4)
  5 bats
  6 frilled lizards
  A goblin skeleton (D:10)
  2 goblin zombies (D:10)
  2 hobgoblin skeletons (D:10)
  4 hobgoblin zombies (D:10)
  14 kobolds
  3 leopard gecko skeletons (D:5)
  A leopard gecko zombie (D:5)
  3 orc skeletons (D:10)
  11 orc zombies (D:10)
  4 rats
  A butterfly (D:7)
250 creatures vanquished.

Vanquished Creatures (others)
  A centaur (D:8)
  A goblin zombie (D:10)
  2 fungi (D:4)
4 creatures vanquished.

Grand Total: 254 creatures vanquished

Notes
Turn   | Place    | Note
-------+----------+-------------------------------------------
     0 | D:1      | EnegeticOcto the Octopode Fighter began the quest for the
                  | Orb.
     0 | D:1      | Reached XP level 1. HP: 16/16 MP: 1/1
   211 | D:1      | Reached XP level 2. HP: 15/21 MP: 2/2
   633 | D:1      | Reached XP level 3. HP: 24/26 MP: 3/3
   809 | D:2      | Noticed Robin
   824 | D:2      | Killed Robin
  1174 | D:2      | Reached XP level 4. HP: 32/33 MP: 4/4
  2383 | D:3      | Found an iron altar of Okawaru.
  2383 | D:3      | Found a blossoming altar of Fedhas.
  2399 | D:3      | Became a worshipper of Warmaster Okawaru
  2835 | D:4      | Reached skill level 4 in Fighting
  2966 | D:4      | Found Deiggonu's Armour Shop.
  3085 | D:4      | Found a basalt altar of Yredelemnul.
  3086 | D:4      | Found a sparkling altar of Nemelex Xobeh.
  3092 | D:4      | Reached skill level 1 in Throwing
  3092 | D:4      | Reached XP level 5. HP: 36/37 MP: 5/5
  3157 | D:4      | Found Nur Vaqo's Book Shoppe.
  3184 | D:4      | Reached skill level 1 in Invocations
  3484 | D:4      | Found Leff's Antique Weapon Boutique.
  3546 | D:4      | Bought a brightly glowing broad axe for 261 gold pieces
  3546 | D:4      | Identified the +11 broad axe "Utak" {speed, Int+3 Dex+2}
                  | (You bought it in a shop on level 4 of the Dungeon)
  3679 | D:5      | Entered Level 5 of the Dungeon
  3741 | D:5      | Noticed an ice beast
  3747 | D:5      | Killed an ice beast
  3747 | D:5      | Reached * piety under Okawaru
  3747 | D:5      | Reached skill level 1 in Axes
  3747 | D:5      | Reached XP level 6. HP: 44/44 MP: 5/7
  3826 | D:5      | Found a blossoming altar of Fedhas.
  3857 | D:5      | Noticed a sky beast
  3872 | D:5      | Killed a sky beast
  4061 | D:5      | Found a transporter.
  4066 | D:5      | Found a transporter.
  4067 | D:5      | Noticed Venturno's ghost (novice DEWz)
  4106 | D:5      | Found a white marble altar of Elyvilon.
  4109 | D:5      | Reached XP level 7. HP: 38/49 MP: 8/8
  4419 | D:6      | Reached skill level 5 in Fighting
  4518 | D:6      | Found a sacrificial altar of Ru.
  4560 | D:6      | Noticed Menkaure
  4566 | D:6      | Killed Menkaure
  4569 | D:6      | Reached ** piety under Okawaru
  5067 | D:7      | Reached XP level 8. HP: 40/57 MP: 10/10
  5203 | D:7      | Reached skill level 6 in Fighting
  5226 | D:7      | Found a staircase to the Ecumenical Temple.
  5343 | D:7      | Found a flagged portal.
  5361 | Bailey   | Entered a bailey
  5733 | D:7      | Reached skill level 5 in Shields
  5780 | D:7      | Found a runed translucent gate.
  5781 | D:7      | Found a runed translucent gate.
  5781 | D:7      | Identified the +8 flail of Tecsounulu {protect, MR+ Dex+2}
  5782 | D:7      | Found a runed translucent gate.
  5782 | D:7      | Found a roughly hewn altar of Beogh.
  5782 | D:7      | Noticed wvc's ghost (novice DsWn)
  5939 | D:7      | Noticed a two-headed ogre
  5942 | D:7      | Found Womatoad's Antique Armour Boutique.
  5951 | D:7      | Killed a two-headed ogre
  5951 | D:7      | Reached *** piety under Okawaru
  5951 | D:7      | Reached **** piety under Okawaru
  5951 | D:7      | Reached skill level 7 in Fighting
  5951 | D:7      | Reached skill level 5 in Axes
  5951 | D:7      | Reached skill level 5 in Dodging
  5951 | D:7      | Reached XP level 9. HP: 45/64 MP: 10/12
  6560 | D:8      | Noticed Pikel
  6565 | D:8      | Killed Pikel
  6565 | D:8      | Reached skill level 5 in Invocations
  6777 | D:8      | Noticed Maggie
  6786 | D:8      | Killed Maggie
  6786 | D:8      | Reached skill level 8 in Fighting
  6786 | D:8      | Reached XP level 10. HP: 53/72 MP: 10/14
  7227 | D:9      | Reached ***** piety under Okawaru
  7247 | D:9      | Received a gift from Okawaru
  7724 | D:9      | Noticed a catoblepas
  7737 | D:9      | Killed a catoblepas
  7737 | D:9      | Received a gift from Okawaru
  7737 | D:9      | Reached skill level 9 in Fighting
  7744 | D:9      | Identified the +8 broad axe of Caheogou {venom, rF+ Str+3}
                  | (Okawaru gifted it to you on level 9 of the Dungeon)
  7891 | D:10     | Entered Level 10 of the Dungeon
  7899 | D:10     | Found a white marble altar of Elyvilon.
  8037 | D:10     | Reached XP level 11. HP: 80/80 MP: 15/15
  8117 | D:10     | Found a staircase to the Orcish Mines.
  8384 | D:10     | Noticed a deep elf mage
  8396 | D:10     | Killed from afar by a deep elf mage

Levels and vault maps discovered:
D:1:      dpeg_arrival_water_temple_mockup, layout_rooms
D:2:      layout_basic, uniq_robin
D:3:      layout_basic, grunt_temple_overflow_open
D:4:      layout_rooms, chequers_temple_overflow_statue_of_worship,
          serial_aquarium, aquarium_bridge_square [aquarium_subvault_bridge,
          aquarium_subvault_bridge, aquarium_subvault_bridge,
          aquarium_subvault_bridge], aquarium_window_fake, aquarium_window_fake,
          aquarium_window_1, aquarium_window_corner, aquarium_view_2c,
          aquarium_pool_2, first_ration, serial_shops,
          nicolae_shop_behind_doors, shop, shop_fountains, glass_columns_c
D:5:      layout_basic, gammafunk_ghost_hive, basic_altar,
          hangedman_decor_diamond_cutter, lemuel_statue_altar
D:6:      layout_cave_pools, nicolae_ru_awakened_eye, uniq_menkaure
D:7:      layout_loops_ring, minmay_temple_entry_butterflies,
          biasface_ghost_orc_armoury, serial_shops, shop, enter_bailey_3
D:8:      layout_gridville, minmay_misc_feat_ornament, uniq_pikel, uniq_maggie
D:9:      layout_basic, david_nohive_1
D:10:     layout_loops_ring, zombieorc2_lemuel, elyvilon_altar_4

Skill      XL: |  1  2  3  4  5  6  7  8  9 10 11 |
---------------+----------------------------------+-----
Long Blades    | 3 |  3.0
Fighting       | 4 5 7 8 9 |  9.7
Throwing       | 1 |  1.3
Invocations    | 1 2 3 4 5 6 |  6.8
Axes           | 1 2 3 5 6 8 |  8.7
Shields        | 4 5 6 7 |  7.1
Dodging        | 4 5 6 7 |  7.1

Action                   |  1- 3 |  4- 6 |  7- 9 | 10-12 || total
-------------------------+-------+-------+-------+-------++-------
Melee: Long sword        |    61 |    59 |       |       ||   120
       Tentacles         |    14 |    17 |    29 |    32 ||    92
       Constrict         |    23 |    23 |    23 |    16 ||    85
       Broad axe         |       |    23 |   126 |   160 ||   309
       Punch             |       |       |     1 |     6 ||     7
Throw: Boomerang         |       |       |     3 |       ||     3
Invok: Heroism           |       |       |     2 |     3 ||     5
  Use: Potion            |       |     3 |       |     3 ||     6
       Scroll            |       |       |    14 |     4 ||    18
 Stab: Sleeping          |     1 |    10 |     4 |     3 ||    18
       Distracted        |       |     1 |     1 |       ||     2
  Eat: Chunk             |       |     9 |     9 |     6 ||    24
Armor: Skin              |     4 |     6 |     1 |    21 ||    32
Dodge: Dodged            |    26 |    28 |    57 |    65 ||   176
Block: Kite shield       |    28 |    18 |    58 |    82 ||   186
       Rpst.: Long sword |    10 |     5 |       |       ||    15

Table legend:
 A = Non-vault XP
 B = Vault XP
 C = Vault XP percentage of total XP
 D = Non-vault monster count
 E = Vault monster count
 F = Vault count percentage of total count
                 A         B        C        D         E       F
            +---------+---------+-------+---------+---------+-------
      Total |    7970 |    3491 |  30.5 |     176 |      73 |  29.3
            +---------+---------+-------+---------+---------+-------
        D:1 |      43 |       0 |   0.0 |      22 |       0 |   0.0
        D:2 |       9 |      34 |  79.1 |       6 |      11 |  64.7
        D:3 |      31 |       0 |   0.0 |      17 |       0 |   0.0
        D:4 |     146 |       0 |   0.0 |      14 |       0 |   0.0
        D:5 |     403 |       0 |   0.0 |      15 |       0 |   0.0
        D:6 |     335 |     169 |  33.5 |       9 |       1 |  10.0
        D:7 |    1899 |       8 |   0.4 |      26 |       4 |  13.3
        D:8 |     592 |     986 |  62.5 |      17 |       2 |  10.5
        D:9 |    2658 |    1228 |  31.6 |      21 |      16 |  43.2
       D:10 |    1854 |     940 |  33.6 |      29 |      34 |  54.0
     Bailey |       0 |     126 | 100.0 |       0 |       5 | 100.0
            +---------+---------+-------+---------+---------+-------
